 Dungeon Crawl Stone Soup version 0.23.0-3-gf3c87f2 (webtiles) character file.

Game seed: 269017818590880139

16 Borgoz the Sneak (level 2, -1/20 HPs)
             Began as a Ghoul Enchanter on Feb 24, 2019.
             Slain by a kobold (3 damage)
             ... on level 1 of the Dungeon.
             The game lasted 00:01:09 (234 turns).

Borgoz the Sneak (Ghoul Enchanter)                   Turns: 234, Time: 00:01:10

Health: -1/20      AC:  2    Str: 11    XL:     2   Next: 58%
Magic:  3/3        EV: 12    Int: 10    God:
Gold:   0          SH:  0    Dex:  9    Spells: 3/4 levels left

rFire    . . .     SeeInvis .   a - +1 dagger
rCold    + . .     Gourm    .   (no shield)
rNeg     + + +     Faith    .   b - +0 robe
rPois    ∞         Spirit   .   (no helmet)
rElec    .         Reflect  .   (no cloak)
rCorr    .         Harm     .   (no gloves)
MR       .....                  (no boots)
Stlth    ++........             (no amulet)
HPRegen  0.00/turn              (no ring)
MPRegen  0.08/turn              (no ring)

@: rotting
A: rotting body, claws 1, carnivore, cold resistance 1, negative energy
resistance 3, inhibited regeneration, torment resistance, unbreathing
a: no special abilities


You were on level 1 of the Dungeon.
You were not hungry.

You visited 1 branch of the dungeon, and saw 1 of its levels.

Inventory:

Hand Weapons
 a - a +1 dagger (weapon)
Armour
 b - a +0 robe (worn)
Comestibles
 d - 3 rations


   Skills:
 * Level 1.4 Short Blades
 * Level 2.1 Dodging
 + Level 3.4 Stealth
 + Level 1.9 Spellcasting
 - Level 2.4 Hexes


You had 3 spell levels left.
You knew the following spells:

 Your Spells              Type           Power        Failure   Level  Hunger
a - Corona                Hex            #......      12%         1    ##.....

Your spell library contained the following spells:

 Spells                   Type           Power        Failure   Level  Hunger
 Ensorcelled Hibernation  Hex/Ice        #.....       28%         2    ###....
 Confuse                  Hex            #.......     34%         3    ####...
 Tukima's Dance           Hex            #.......     34%         3    ####...
 Dazzling Spray           Conj/Hex       #.....       50%         3    ####...


Dungeon Overview and Level Annotations

Branches:
Dungeon (1/15)

Altars:


Innate Abilities, Weirdness & Mutations

Your body is rotting away.
You thrive on raw meat.
You are immune to poison.
You have sharp fingernails.
You are carnivorous and can eat meat at any time.
Your flesh is cold resistant. (rC+)
You are immune to negative energy. (rN+++)
You do not regenerate when monsters are visible.
You are immune to unholy pain and torment.
You can survive without breathing.


Message History

You hit the kobold but do no damage.
The kobold is heavily wounded.
The kobold hits you but does no damage.
You closely miss the kobold.
The kobold is heavily wounded.
The kobold closely misses you.
You hit the kobold but do no damage.
The kobold is heavily wounded.
The kobold barely misses you.
You closely miss the kobold.
The kobold is heavily wounded.
The kobold hits you but does no damage.
You hit the kobold.
You kill the kobold!
The kobold hits you.
* * * LOW HITPOINT WARNING * * *
Items here: ( ††† a stone; a kobold corpse; a jackal corpse x2
You hit the kobold but do no damage. The kobold hits you.
You die...

#.### .... #..# #.. ## ...####.
#.# ..## #### #.#....... ##.# ..#
#..# #........#####..######.#
#####..#
#.......##....K@......###......#
##......$#..##.###..........#...#
#...........................#.###
#......#!....###............#
.##..........#####..........###
.........##.........<..)....#
..#......##....#..####......#####
...#..#..##..####.# #..##....(.#
.#.#....##...# #)####..###.....#


You could see a kobold.

Vanquished Creatures
  A giant cockroach (D:1)
  2 hobgoblins (D:1)
  3 jackals (D:1)
  2 kobolds (D:1)
  A bat (D:1)
  A frilled lizard (D:1)
  2 goblins (D:1)
  3 rats (D:1)
15 creatures vanquished.

Notes
Turn   | Place    | Note
-------+----------+-------------------------------------------
     0 | D:1      | Borgoz the Ghoul Enchanter began the quest for the Orb.
     0 | D:1      | Reached XP level 1. HP: 14/14 MP: 2/2
    62 | D:1      | Reached skill level 1 in Short Blades
   107 | D:1      | Reached XP level 2. HP: 8/20 MP: 3/3
   202 | D:1      | HP: 1/20 [jackal (1)]
   234 | D:1      | Slain by a kobold

Skill      XL: |  1 |
---------------+----+-----
Short Blades   | 1 |  1.4
Dodging        | 2 |  2.1
Stealth        | |  3.4
Spellcasting   | |  1.9
Hexes          | |  2.4

Action                   || total
-------------------------++-------
Melee: Dagger            ||    76
 Stab: Sleeping          ||     1
  Eat: Chunk             ||     7
Armor: Robe              ||    18
Dodge: Dodged            ||    62
